 Dungeon Crawl Stone Soup version 0.29.0-4-gdea44cf6ec (webtiles) character file.

Game seed: 5221440959436624136

1743 qw the Cleaver (level 9, -2/54 HPs)
             Began as a Tengu Warper on Aug 28, 2022.
             Slain by a howler monkey (6 damage)
             ... on level 6 of the Dungeon.
             The game lasted 00:00:37 (5839 turns).

qw the Cleaver (Tengu Warper)                       Turns: 5839, Time: 00:00:37

Health: -2/54      AC: 19    Str: 14 (17) XL:     9   Next: 5%
Magic:  13/13      EV:  5    Int: 11 (13) God:
Gold:   353        SH:  0    Dex: 16 (17) Spells: 12/12 levels left

rFire   + + .      SeeInvis .   Y - +0 hand axe (protect)
rCold   + . .      Faith    .   (no shield)
rNeg    . . .      Spirit   .   j - +0 plate armour
rPois   .          Reflect  .   (helmet restricted)
rElec   .          Harm     .   e - scarf {rC+ rF+}
rCorr   .          Rampage  .   (no gloves)
Will    .....                   (boots unavailable)
Stlth   ..........              (no amulet)
HPRegen 0.18/turn               a - ring of Xom's Malicious Joy {Fly Will- Dex+4 Slay+3}
MPRegen 0.13/turn               n - ring of protection from fire

@: under a protective aura, flying quickly and evasively, quick
A: beak, talons 3, nimble flight
a: no special abilities


You were on level 6 of the Dungeon.
You visited 1 branch of the dungeon, and saw 6 of its levels.

You collected 372 gold pieces.
You spent 19 gold pieces at shops.


Innate Abilities, Weirdness & Mutations

You have a beak for a mouth.
You have claws for feet.
Your magical nature lets you fly swiftly and evasively.


   Skills:
 - Level 5.1 Fighting
 - Level 10.5 Axes
 - Level 1.0 Throwing
 + Level 4.4 Armour
 - Level 2.2 Dodging
 - Level 2.0 Spellcasting
 - Level 2.4 Translocations


You had 12 spell levels left.
You didn't know any spells.
Your spell library contained the following spells:

 Spells                   Type           Power      Damage    Failure   Level
 Blink                    Tloc           12%        N/A       100%        2
 Gell's Gravitas          Tloc           6%         N/A       100%        3
 Lesser Beckoning         Tloc           6%         N/A       100%        3
 Teleport Other           Tloc           6%         N/A       100%        3
 Manifold Assault         Tloc           6%         N/A       100%        5

Inventory:

Hand Weapons
 b - a +0 flail
 Y - a +0 hand axe of protection (weapon)
Armour
 e - a scarf of resistance (worn)
 j - a +0 plate armour (worn)
Jewellery
 a - the ring of Xom's Malicious Joy (left hand) {Fly Will- Dex+4 Slay+3}
   (You acquired it on level 1 of the Dungeon)

   [ring of flight]

   Dex:       It affects your dexterity (+4).
   Slay:      It affects your accuracy & damage with ranged weapons and melee
   (+3).
   Fly:       It grants you flight.
   Will:      It decreases your willpower.
 n - a ring of protection from fire (right hand)
Scrolls
 d - a scroll of identify
Potions
 c - a potion of might
 h - a potion of haste {unknown}
 i - a potion of berserk rage {unknown}
 m - a potion of lignification {unknown}
 o - 3 potions of curing

Dungeon Overview and Level Annotations

Branches:
Dungeon (6/15)
 Temple: D:4-7

Altars:
Dithmenos
Fedhas
Gozag
Kikubaaqudgha
Makhleb
Qazlal
Vehumet
The Shining One

Shops:
D:5 *

Annotations:
D:5 1 runed translucent door, Crazy Yiuf


Message History

You hit the boulder beetle but do no damage.
You claw the boulder beetle, but do no damage.
You peck the boulder beetle, but do no damage.
The boulder beetle is moderately wounded.
The boulder beetle leaps!
The boulder beetle curls into a ball and begins rolling!
The boulder beetle hits you!!!
Ouch! That really hurt!
The boulder beetle stops rolling and uncurls.
5832 ||| READING scroll of teleportation.
As you read the scroll of teleportation, it crumbles to dust.
You feel strangely unstable.
The boulder beetle leaps!
Your surroundings suddenly seem different.
A howler monkey, an orc wizard and an orc come into view.
Found a falchion and 6 poisoned darts.
The howler monkey howls!
You hear a shout!
You hear an angry hiss.
You hear a shout!
The howler monkey hoots and howls with incredible vigour!
An orc comes into view. It is wielding a +0 whip.
You hear a shout! x2
Enter note: You barely miss the orc wizard.
The orc wizard closely misses you.
You hit the orc wizard.
Your weapon exudes an aura of protection.
Your peck misses the orc wizard.
The orc wizard is lightly wounded.
The howler monkey hoots and howls with incredible vigour!
The orc wizard hits you but does no damage.
An orc comes into view. It is wielding a +0 flail.
You hear a bark!
You hear an angry hiss.
You hit the orc wizard. Your kick misses the orc wizard.
You punch the orc wizard.
The orc wizard is heavily wounded.
You closely miss the orc wizard.
The orc wizard is heavily wounded.
You hit the howler monkey. The howler monkey hits you.
You die...

.. .# )# #
## .# .#
#.#.# .#
#...#..#
#.....###
#.@h....#
#.#o.##..#
#. o....
## .......
..o.#..
....... ##
(......
##.
.......
####..###


You could see a howler monkey, an orc wizard and 2 orcs.

Vanquished Creatures
  Grinder (D:5)
  A steam dragon (D:4)
  Edmund (D:5)
  Duvessa (D:5)
  A black bear (D:5)
  2 ogres
  A phantom (D:3)
  A scorpion (D:5)
  A necrophage (D:5)
  Dowan (D:5)
  A wight (D:4)
  2 howler monkeys
  A jelly (D:4)
  4 hounds
  3 iguanas
  Jessica (D:2)
  Natasha (thrice) (D:2)
  5 gnolls
  10 adders
  A white imp (D:4)
  A worm (D:3)
  8 orcs
  8 endoplasms
  3 giant cockroaches
  9 hobgoblins
  7 jackals
  A quokka (D:1)
  11 ball pythons
  9 bats
  2 frilled lizards (D:3)
  8 goblins
  7 kobolds
  8 rats
124 creatures vanquished.

Vanquished Creatures (others)
  3 plants (D:1)
3 creatures vanquished.

Grand Total: 127 creatures vanquished

Notes
Turn   | Place    | Note
-------+----------+-------------------------------------------
     0 | D:1      | qw the Tengu Warper began the quest for the Orb.
     0 | D:1      | Reached XP level 1. HP: 12/12 MP: 4/4
     0 | D:1      | 0 ||| qw: Version: 0.1-a-89-g26bdef1
     0 | D:1      | 0 ||| qw: Game counter: 155
     0 | D:1      | 0 ||| qw: Always use a shield: true
     0 | D:1      | 0 ||| qw: God list: Okawaru
     0 | D:1      | 0 ||| qw: Allow faded altars: false
     0 | D:1      | 0 ||| qw: Do Orc after D:15 true
     0 | D:1      | 0 ||| qw: Do second Lair branch before Depths: true
     0 | D:1      | 0 ||| qw: Lair rune preference: random
     0 | D:1      | 0 ||| qw: Plans: Normal
     0 | D:1      | 0 ||| PLANNING D:1-11
   185 | D:1      | Reached XP level 2. HP: 17/17 MP: 6/6
   194 | D:1      | Reached skill level 3 in Axes
   919 | D:1      | Found a faded altar of an unknown god.
   922 | D:1      | 922 ||| UPGRADING to +0 ring mail of poison resistance.
   932 | D:1      | 932 ||| DROPPING +0 leather armour.
   933 | D:1      | 933 ||| UPGRADING to +0 plate armour.
   943 | D:1      | 943 ||| DROPPING +0 ring mail of poison resistance.
   944 | D:1      | 944 ||| READING scroll labelled UBIPSON NESU.
   945 | D:1      | 945 ||| READING scroll labelled ZUETAQACIN.
   946 | D:1      | 946 ||| READING scroll labelled TYMUMA XIADUIMN.
   947 | D:1      | 947 ||| READING scroll labelled SAX TAMPACS.
   948 | D:1      | 948 ||| READING scroll labelled WODATO YRYASKI.
   949 | D:1      | 949 ||| READING scroll labelled GOANWI ECVIP.
   949 | D:1      | Identified a scroll of acquirement
   949 | D:1      | 949 ||| ACQUIRING ring of Xom's Malicious Joy {Fly Will-
                  | Dex+4 Slay+3}
   949 | D:1      | Acquired the ring of Xom's Malicious Joy {Fly Will- Dex+4
                  | Slay+3}
   951 | D:1      | 951 ||| UPGRADING to ring of Xom's Malicious Joy {Fly Will-
                  | Dex+4 Slay+3}.
   952 | D:1      | 952 ||| DRINKING 2 orange potions.
   953 | D:1      | 953 ||| DROPPING scroll of blinking.
  1011 | D:2      | Reached XP level 3. HP: 21/21 MP: 7/7
  1024 | D:2      | 1024 ||| DROPPING +0 club.
  1056 | D:2      | Reached skill level 4 in Axes
  1230 | D:2      | Noticed Natasha
  1231 | D:2      | 1231 ||| Stepping ~*~*~tactically~*~*~ (stealth).
  1240 | D:2      | Killed Natasha
  1241 | D:2      | Reached XP level 4. HP: 12/26 MP: 8/8
  1476 | D:2      | Noticed Jessica
  1482 | D:2      | Killed Jessica
  1483 | D:2      | Gained mutation: Your magical nature lets you fly swiftly
                  | and evasively. [Tengu growth]
  1483 | D:2      | Reached XP level 5. HP: 30/30 MP: 9/9
  1657 | D:2      | Reached skill level 5 in Axes
  1818 | D:2      | Noticed Natasha
  1819 | D:2      | 1819 ||| Stepping ~*~*~tactically~*~*~ (hiding).
  1829 | D:2      | Killed Natasha
  1830 | D:2      | 1830 ||| STAIRDANCE
  1956 | D:1      | 1956 ||| READING scroll labelled WEKLOA TYLESAA.
  1957 | D:1      | 1957 ||| READING 2 scrolls of identify.
  1957 | D:1      | 1957 ||| IDENTIFYING murky clear potion
  1958 | D:1      | 1958 ||| DROPPING potion of ambrosia.
  2045 | D:2      | Noticed Natasha
  2046 | D:2      | 2046 ||| Stepping ~*~*~tactically~*~*~ (stealth).
  2052 | D:2      | Killed Natasha
  2383 | D:2      | 2383 ||| DRINKING 2 ruby potions.
  2433 | D:3      | 2433 ||| Stepping ~*~*~tactically~*~*~ (stealth).
  2434 | D:3      | 2434 ||| Stepping ~*~*~tactically~*~*~ (stealth).
  2436 | D:3      | Noticed a phantom
  2452 | D:3      | Killed a phantom
  2453 | D:3      | Reached skill level 6 in Axes
  2453 | D:3      | Reached XP level 6. HP: 34/35 MP: 10/10
  2512 | D:3      | 2512 ||| Stepping ~*~*~tactically~*~*~ (stealth).
  2683 | D:3      | 2683 ||| Stepping ~*~*~tactically~*~*~ (stealth).
  2685 | D:3      | 2685 ||| Stepping ~*~*~tactically~*~*~ (stealth).
  3130 | D:3      | 3130 ||| Stepping ~*~*~tactically~*~*~ (stealth).
  3131 | D:3      | 3131 ||| Stepping ~*~*~tactically~*~*~ (stealth).
  3139 | D:3      | Reached skill level 7 in Axes
  3460 | D:3      | 3460 ||| UPGRADING to scarf of resistance.
  3465 | D:3      | 3465 ||| READING scroll labelled FIODUN DUZU.
  3466 | D:3      | 3466 ||| READING 3 scrolls of identify.
  3466 | D:3      | 3466 ||| IDENTIFYING murky pink potion
  3467 | D:3      | 3467 ||| READING 2 scrolls of identify.
  3467 | D:3      | 3467 ||| IDENTIFYING pink potion
  3468 | D:3      | 3468 ||| DROPPING potion of flight.
  3534 | D:4      | 3534 ||| Stepping ~*~*~tactically~*~*~ (stealth).
  3535 | D:4      | 3535 ||| Stepping ~*~*~tactically~*~*~ (stealth).
  3561 | D:4      | Found a glowing golden altar of the Shining One.
  3564 | D:4      | 3564 ||| Stepping ~*~*~tactically~*~*~ (stealth).
  3644 | D:4      | Reached XP level 7. HP: 40/40 MP: 11/11
  3645 | D:4      | Reached skill level 3 in Fighting
  3661 | D:4      | Found a radiant altar of Vehumet.
  3684 | D:4      | Reached skill level 3 in Armour
  3789 | D:4      | 3789 ||| Stepping ~*~*~tactically~*~*~ (stealth).
  3871 | D:4      | Noticed a steam dragon
  3872 | D:4      | 3872 ||| Stepping ~*~*~tactically~*~*~ (hiding).
  3898 | D:4      | Killed a steam dragon
  3899 | D:4      | Reached skill level 8 in Axes
  4010 | D:4      | 4010 ||| Stepping ~*~*~tactically~*~*~ (stealth).
  4070 | D:4      | 4070 ||| Stepping ~*~*~tactically~*~*~ (stealth).
  4152 | D:4      | Found a burning altar of Makhleb.
  4152 | D:4      | Noticed an Executioner
  4156 | D:4      | Noticed an orange demon
  4156 | D:4      | Noticed a hellwing
  4275 | D:4      | 4275 ||| UPGRADING to ring of protection from fire.
  4276 | D:4      | 4276 ||| READING scroll labelled QOZUARREGO.
  4377 | D:4      | 4377 ||| READING scroll labelled OFICVY WOICWIF.
  4378 | D:4      | 4378 ||| READING scroll labelled PAGRIL PAOFAAT.
  4379 | D:4      | 4379 ||| READING scroll labelled QANAPA ANEILO.
  4382 | D:4      | 4382 ||| DRINKING 3 metallic red potions.
  4383 | D:4      | 4383 ||| DROPPING 2 potions of brilliance.
  4405 | D:5      | Entered Level 5 of the Dungeon
  4421 | D:5      | 4421 ||| Stepping ~*~*~tactically~*~*~ (stealth).
  4423 | D:5      | 4423 ||| Stepping ~*~*~tactically~*~*~ (hiding).
  4434 | D:5      | Reached skill level 9 in Axes
  4434 | D:5      | Reached XP level 8. HP: 13/46 MP: 12/12
  4434 | D:5      | HP: 9/46 [gnoll/+0 spear (4)]
  4435 | D:5      | 4435 ||| DRINKING potion of heal wounds.
  4440 | D:5      | 4440 ||| FLEEEEING.
  4546 | D:5      | 4546 ||| Stepping randomly (stuck).
  4547 | D:5      | 4547 ||| Stepping randomly (stuck).
  4646 | D:5      | Noticed Dowan
  4646 | D:5      | Noticed Duvessa
  4647 | D:5      | 4647 ||| Stepping ~*~*~tactically~*~*~ (hiding).
  4648 | D:5      | 4648 ||| Stepping ~*~*~tactically~*~*~ (hiding).
  4654 | D:5      | Killed Dowan
  4663 | D:5      | Killed Duvessa
  4895 | D:5      | Noticed Grinder
  4901 | D:5      | Killed Grinder
  4964 | D:5      | Reached skill level 10 in Axes
  4992 | D:5      | Found Fuidd's Assorted Antiques.
  5000 | D:5      | 5000 ||| BUYING blue potion (19 gold).
  5000 | D:5      | Bought a blue potion for 19 gold pieces
  5000 | D:5      | 5000 ||| SHOPLISTING runed plate armour (572 gold, have
                  | 326).
  5085 | D:5      | Found a stormy altar of Qazlal.
  5087 | D:5      | Found a blossoming altar of Fedhas.
  5131 | D:5      | Found an ancient bone altar of Kikubaaqudgha.
  5217 | D:5      | 5217 ||| FLEEEEING.
  5218 | D:5      | 5218 ||| FLEEEEING.
  5219 | D:5      | 5219 ||| FLEEEEING.
  5220 | D:5      | 5220 ||| FLEEEEING.
  5221 | D:5      | 5221 ||| FLEEEEING.
  5222 | D:5      | 5222 ||| FLEEEEING.
  5223 | D:5      | 5223 ||| FLEEEEING.
  5224 | D:5      | 5224 ||| FLEEEEING.
  5225 | D:5      | 5225 ||| FLEEEEING.
  5226 | D:5      | 5226 ||| FLEEEEING.
  5227 | D:5      | 5227 ||| FLEEEEING.
  5228 | D:5      | 5228 ||| FLEEEEING.
  5229 | D:5      | 5229 ||| FLEEEEING.
  5230 | D:5      | 5230 ||| FLEEEEING.
  5408 | D:5      | Found a runed translucent door.
  5409 | D:5      | Noticed Crazy Yiuf
  5555 | D:5      | Found a shadowy altar of Dithmenos.
  5555 | D:5      | Noticed Edmund
  5556 | D:5      | 5556 ||| Stepping ~*~*~tactically~*~*~ (stealth).
  5573 | D:5      | Killed Edmund
  5574 | D:5      | Reached XP level 9. HP: 52/54 MP: 13/13
  5739 | D:5      | Found an opulent altar of Gozag.
  5787 | D:5      | 5787 ||| DRINKING 2 bubbling inky potions.
  5788 | D:5      | 5788 ||| DROPPING potion of degeneration.
  5807 | D:6      | Noticed a boulder beetle
  5831 | D:6      | HP: 2/54 [boulder beetle (37)]
  5832 | D:6      | 5832 ||| READING scroll of teleportation.
  5839 | D:6      | Slain by a howler monkey

Levels and vault maps discovered:
D:1:      minmay_arrival_four_circles, layout_loops_ring,
          dilly_ecumenical_altar_fadedgnrine
D:2:      minmay_angry_zag, layout_loops_ring, serial_aquarium,
          aquarium_bridge_square [aquarium_subvault_bridge,
          aquarium_subvault_wall, aquarium_subvault_bridge,
          aquarium_subvault_wall], aquarium_window_3, aquarium_window_1,
          aquarium_window_1, aquarium_view_2e, aquarium_view_2e,
          aquarium_balcony_3b, uniq_jessica, uniq_natasha
D:3:      layout_basic
D:4:      layout_rooms, mainiacjoe_overflow_surrounded_room,
          makhleb_altar_promises_db, nicolae_vehumet_altar_sigil,
          minmay_divided_ellipse
D:5:      layout_loops_ring, grunt_temple_overflow_forces_of_nature,
          kennysheep_mini, mainiacjoe_overflow_paths, lemuel_tele_altar,
          serial_shops, nicolae_lakefront_shop, minmay_fractal_squares_5,
          uniq_crazy_yiuf_cottage, uniq_edmund, uniq_grinder, uniq_duvessa
D:6:      layout_rooms, nzn_wu_jian_contemplation,
          minmay_temple_entry_antechambers, minmay_door_square, uniq_maggie

Skill      XL: |  1  2  3  4  5  6  7  8 |
---------------+-------------------------+-----
Axes           | 3 4 6 7 9 10 | 10.5
Armour         | 2 3 4 |  4.4
Fighting       | 3 5 |  5.1
Throwing       | |  1.0
Dodging        | |  2.2
Spellcasting   | |  2.0
Translocations | |  2.4

Action                   |  1- 3 |  4- 6 |  7- 9 || total
-------------------------+-------+-------+-------++-------
Melee: Hand axe          |    57 |   110 |   142 ||   309
       Kick              |    12 |    30 |    56 ||    98
       Peck              |    10 |    17 |    36 ||    63
       Punch             |       |       |     4 ||     4
Throw: Boomerang         |     7 |    11 |    29 ||    47
  Use: Scroll            |     6 |     5 |     5 ||    16
       Potion            |     1 |     1 |     3 ||     5
Armor: Leather armour    |     9 |       |       ||     9
       Plate armour      |     9 |    56 |    73 ||   138
Dodge: Dodged            |    33 |    20 |    28 ||    81

Table legend:
 A = Non-vault XP
 B = Vault XP
 C = Vault XP percentage of total XP
 D = Non-vault monster count
 E = Vault monster count
 F = Vault count percentage of total count
                 A         B        C        D         E       F
            +---------+---------+-------+---------+---------+-------
      Total |    1046 |    1444 |  58.0 |      97 |      27 |  21.8
            +---------+---------+-------+---------+---------+-------
        D:1 |      33 |       0 |   0.0 |      21 |       0 |   0.0
        D:2 |     141 |      89 |  38.7 |      24 |       5 |  17.2
        D:3 |     279 |       0 |   0.0 |      26 |       0 |   0.0
        D:4 |     197 |     416 |  67.9 |      15 |      13 |  46.4
        D:5 |     396 |     939 |  70.3 |      11 |       9 |  45.0
            +---------+---------+-------+---------+---------+-------
